Map: Moonlight Madness LE (Void)

Players

Javert - Winner!

  • Race: Zerg Zerg
  • League: Gold

리프

  • Race: Terran Terran
  • League: Silver

VOD

Have the link to the VOD?

Description

Time

  • Played on: Sept. 13, 2015, 12:08 a.m.
  • Length: 11:18
Show
View Real Time Build Order
Export as new Build Order

Javert Zerg - Winner!

Build Orders: Hatch First 

Get SALT Encoding   

  12  0:01  Drone  
  13  0:14  Overlord  
  13  0:18  Drone  
  14  0:32  Drone x2  
  16  0:37  Drone  
  17  0:55  Hatchery  
  16  0:58  Drone  
  16  1:00  Extractor  
  16  1:05  Drone  
  16  1:09  Drone  
  18  1:22  Spawning Pool  
  17  1:26  Drone  
  17  1:32  Drone  
  19  1:40  Drone  
  20  1:51  Drone  
  21  2:02  Overlord  
  21  2:10  Queen x2  
  21  2:11  Metabolic Boost  
  25  2:16  Zergling x2  
  25  2:17  Zergling x2  
  25  2:20  Drone  
  28  2:24  Overlord  
  28  2:30  Drone  
  29  2:40  Drone  
  29  2:41  Drone  
  31  2:52  Drone x2  
  31  2:55  Queen  
  35  3:01  Drone x2  
  36  3:13  Zergling x4  
  38  3:30  Zergling x6  
  38  3:31  Zergling x4  
  43  3:38  Overlord  
  43  3:42  Overlord  
  43  3:57  Overlord  
  43  4:01  Lair  
  43  4:04  Drone  
  43  4:05  Drone x7  
  43  4:08  Hatchery  
  50  4:14  Drone  
  50  4:17  Extractor  
  50  4:19  Drone  
  50  4:23  Queen  
  53  4:28  Overlord  
  53  4:30  Overlord  
  53  4:32  Evolution Chamber, Extractor  
  53  4:33  Extractor  
  53  4:35  Evolution Chamber  
  53  4:38  Drone x5  
  54  4:47  Drone  
  55  5:01  Spine Crawler  
  55  5:02  Spine Crawler  
  55  5:04  Zergling x12  
  55  5:05  Zergling x4  
  48  5:33  Zergling x2  
  48  5:34  Zergling x18  
  30  5:58  Zergling x6  
  30  5:59  Zergling x6  
  33  6:06  Zergling x10  
  33  6:07  Zergling x6  
  41  6:17  Zerg Ground Armor Level 1  
  38  6:28  Drone x4  
  33  6:40  Drone x2  
  33  6:41  Drone x2  
  37  6:48  Overseer  
  37  6:56  Drone x3  
  37  6:57  Drone  
  41  7:08  Spire  
  40  7:18  Drone x3  
  43  7:27  Extractor  
  43  7:29  Drone x2  
  44  7:43  Baneling Nest  
  43  7:57  Overlord  
  43  8:25  Mutalisk x7  
  43  8:26  Mutalisk x2  
  61  8:32  Spine Crawler  
  61  8:33  Spine Crawler  
  59  8:45  Mutalisk  
  56  9:06  Mutalisk x3  
  60  9:39  Overlord  
  60  9:40  Overlord  
  60  9:44  Overlord  
  60  10:00  Mutalisk  
  60  10:06  Hatchery  
  60  10:13  Drone x2  
  60  10:14  Drone  
  60  10:35  Mutalisk x2  
  60  10:36  Mutalisk  
  60  10:50  Drone  
  60  11:10  Hatchery  
Show
View Real Time Build Order
Export as new Build Order

리프 Terran 

Build Orders: 1/1/1, MMM Bio 

Get SALT Encoding   

  12  0:01  SCV  
  13  0:13  SCV  
  14  0:18  Supply Depot  
  14  0:25  SCV  
  15  0:41  Barracks  
  15  0:44  Refinery  
  15  0:45  SCV  
  16  0:53  Refinery  
  16  0:57  SCV  
  17  1:09  SCV  
  18  1:22  SCV  
  19  1:35  Orbital Command  
  19  1:39  Factory  
  19  1:46  Marine  
  20  2:03  Marine  
  20  2:08  Supply Depot, SCV  
  22  2:20  SCV  
  23  2:24  Starport  
  23  2:31  Hellion  
  25  2:38  SCV  
  26  2:47  Barracks  
  26  2:49  Barracks Tech Lab  
  26  2:52  Hellion  
  26  2:53  SCV  
  29  3:03  Supply Depot  
  29  3:05  Medivac  
  31  3:13  Marine  
  31  3:17  Combat Shields  
  32  3:23  Hellion  
  33  3:31  Marine  
  34  3:37  Medivac  
  36  3:42  Marine  
  36  3:44  Hellion  
  39  3:54  SCV  
  40  3:59  Marine  
  40  4:00  Marauder  
  43  4:06  Hellion  
  43  4:07  Medivac  
  47  4:17  Marine  
  47  4:19  Engineering Bay  
  47  4:22  Supply Depot  
  48  4:27  Marauder  
  48  4:30  Widow Mine  
  52  4:35  Marine  
  53  4:43  Medivac  
  55  4:53  Marine  
  55  4:56  Marauder  
  55  4:58  Widow Mine  
  60  5:07  Missile Turret  
  60  5:11  Marine  
  40  5:36  SCV  
  39  5:48  SCV  
  38  6:00  SCV  
  38  6:01  Marine  
  38  6:02  Marauder  
  42  6:12  SCV  
  43  6:19  Marine  
  43  6:24  SCV  
  35  6:36  SCV  
  29  6:45  Marine  
  30  6:47  Marauder  
  30  6:48  Hellion  
  30  6:52  SCV  
  35  6:58  Stimpack  
  35  7:03  Marine  
  36  7:09  Hellion  
  38  7:24  Marine  
  38  7:25  Marauder  
  41  7:30  Widow Mine  
  43  7:42  Marine  
  44  7:47  Marauder  
  46  7:59  Hellion  
  46  8:00  Marine  
  49  8:27  Marine  
  49  8:29  Marauder  
  49  8:30  Hellion  
  54  8:45  Marine  
  54  8:46  Missile Turret  
  54  8:47  Missile Turret  
  54  8:50  Marauder  
  49  9:03  Marine  
  46  9:11  Marauder  
  46  9:13  Liberator  
  42  9:20  Marine  
  42  9:37  Marine  
  40  9:38  Marine  
  40  9:42  Hellion  
  41  9:55  Marine  
  41  9:56  Liberator, Marine  
  35  10:04  Hellion  
Tags
 
Add a new tag
Caveats
  • Supply blocks, unpowered buildings, or Contaminate may cause inaccurate times.
  • Supply counts are checked every 10 seconds.